 Dungeon Crawl Stone Soup version 0.19-a0-1468-ge013c26 (webtiles) character file.

41425 LORDOFBUTT the Spry (level 13, -3/122 HPs)
             Began as a Minotaur Berserker on Sept 7, 2016.
             Was the Champion of Trog.
             Slain by a death yak (15 damage)
             ... in an ice cave.
             The game lasted 00:26:23 (14484 turns).

LORDOFBUTT the Spry (Minotaur Berserker)           Turns: 14484, Time: 00:26:24

Health: -3/122     AC: 21    Str: 22    XL:     13   Next: 80%
Magic:  12/12      EV: 17    Int:  7    God:    Trog [******]
Gold:   656        SH:  0    Dex: 15    Spells: 0 memorised, 12 levels left

rFire  x x .     SeeInvis .     V - +4 great mace (crush)
rCold  + + .     Gourm    .     J - +2 chain mail "Ruyniuso" {Slay+2 Stlth+}
rNeg   . . .     Faith    .     (shield currently unavailable)
rPois  .         Spirit   .     O - +2 hat {Int+3}
rElec  .         Dismiss  .     y - +2 cloak
rCorr  .         Reflect  .     K - +1 pair of gloves
MR     .....     Harm     .     z - +1 pair of boots
Stlth  +.........               (no amulet)
                                w - ring of ice
                                s - ring of ice

@: exhausted, slowed, very slow
A: retaliatory headbutt, horns 2
a: Berserk, Trog's Hand, Brothers in Arms, Burn Spellbooks, Renounce Religion


You were in an ice cave.
You worshipped Trog.
Trog was exalted by your worship.
You were near starving.

You visited 2 branches of the dungeon, and saw 15 of its levels.
You also visited: Ice Cave.

You collected 898 gold pieces.
You spent 242 gold pieces at shops.

Inventory:

Hand Weapons
 H - a +1 dire flail of holy wrath
 M - a +0 blowgun
 V - a +4 great mace of crushing (weapon)
Missiles
 A - 4 silver javelins (quivered)
 N - 22 poisoned needles
Armour
 x - the +1 scale mail of Lugonu's Benevolence {rPois MR+}
   (You found it on level 3 of the Lair of Beasts)

   It protects you from poison.
   It affects your resistance to hostile enchantments.
 y - a +2 cloak (worn)
 z - a +1 pair of boots (worn)
 J - the +2 chain mail "Ruyniuso" (worn) {Slay+2 Stlth+}
   (You found it on level 1 of the Lair of Beasts)

   It affects your accuracy and damage with ranged weapons and melee attacks
   (+2).
   It makes you more stealthy.
 K - a +1 pair of gloves (worn)
 O - a +2 hat of intelligence (worn)
Jewellery
 i - an uncursed ring of protection from magic
 l - an uncursed ring of resist corrosion
 r - an uncursed ring of fire
 s - a ring of ice (left hand)
 u - an uncursed ring of positive energy
 w - a ring of ice (right hand)
 E - a +4 ring of strength
Wands
 p - a wand of iceblast (13/15)
 t - a wand of flame (30/48)
 B - a wand of confusion (36/48)
 G - a wand of acid (9/15)
 Q - a wand of acid (4/15)
 R - a wand of iceblast (7/15)
 S - a wand of iceblast (5/15)
Scrolls
 b - a scroll of noise {unknown}
 f - 4 scrolls of remove curse
 C - 2 scrolls of fog
 L - 2 scrolls of recharging
 T - 2 scrolls of identify
 W - a scroll of fear {unknown}
 X - a scroll of magic mapping
Potions
 e - 3 potions of flight
 g - 5 potions of might
 h - 4 potions of haste
 j - 4 potions of curing
 k - 6 potions of lignification
 n - 4 potions of agility
 o - 3 potions of mutation {unknown}
 q - 2 potions of berserk rage
 v - 4 potions of brilliance
 I - 2 potions of magic {unknown}
 U - a potion of invisibility {unknown}
Books
 d - a book of the Sky

   Spells                             Type                      Level
   a - Summon Lightning Spire         Summoning/Air                4
   b - Airstrike                      Air                          4
   c - Silence                        Hexes/Air                    5
   d - Deflect Missiles               Charms/Air                   6
   e - Conjure Ball Lightning         Conjuration/Air              6
   f - Tornado                        Air                          9
   Trog disapproves of the use of such an item.
 F - a book of Burglary

   Spells                             Type                      Level
   a - Swiftness                      Charms/Air                   2
   b - Passwall                       Transmutation/Earth          2
   c - Passage of Golubria            Translocation                4
   d - Lee's Rapid Deconstruction     Earth                        5
   e - Darkness                       Hexes                        6
   f - Invisibility                   Hexes                        6
   Trog disapproves of the use of such an item.
Miscellaneous
 P - a box of beasts
Comestibles
 a - 2 beef jerkies
 c - 10 bread rations
 m - 17 fruits
 D - 2 meat rations


   Skills:
 + Level 13.2 Fighting
 + Level 14.6 Maces & Flails
 + Level 0.6 Throwing
 + Level 5.9 Armour
 + Level 16.1 Dodging
 + Level 6.8 Stealth


You had 12 spell levels left.
You didn't know any spells.

Dungeon Overview and Level Annotations

Branches:
Dungeon (11/15)            Temple (0/1) D:4            Lair (4/6) D:9
  Swamp (0/4) Lair:3       Spider (0/4) Lair:3
    Orc: D:9-12

Altars:
Ashenzari
Cheibriados
Elyvilon
Fedhas
Hepliaklqana
Sif Muna
Trog
Vehumet
Xom
Zin

Shops:
D:6 [[(   D:8 *


Innate Abilities, Weirdness & Mutations

You reflexively headbutt those who attack you in melee.
You have a pair of horns on your head.


Message History

The polar bear misses you. The death yak gores you!
* * * LOW HITPOINT WARNING * * *
Okay, then.
Your hill giant goes berserk!
You are near starving!
The polar bear bites you but does no damage.
The polar bear barely misses you. The polar bear claws you.
* * * LOW HITPOINT WARNING * * *
The death yak gores you but does no damage.
You swap places.
Your hill giant closely misses the polar bear.
The polar bear bites your hill giant! The polar bear claws your hill giant.
The polar bear claws your hill giant but does no damage.
The polar bear bites your hill giant.
The polar bear claws your hill giant. x2
Your hill giant hits the polar bear with a giant spiked club!!
Your hill giant hits the polar bear with a giant spiked club!!!
The polar bear dies!
Trog accepts your kill. The death yak gores you!
You die...

##.# #...####
:$#..Yh#.# #
#...h.Y#Y##
##. #..#.##
#.## ##Y##h#
#..# #####.##
##..##
##..#Y##
##....#
#hY.#..#
#.Y@..##
##.##.Y.#
##..#...#
#..###⌠.#
#.C###..##
#.###..####†##
##..# #..#####
#..# ##.#
##..## ##..#
##.# #...#
#..## #.##
#...# #.##
#.## ##..##
#..# #..#


You could see a death yak and a friendly hill giant (berserk).

Vanquished Creatures
  Gastronok (Lair:1)
  A frost giant (IceCv)
  4 hydras
  Fannar (D:11)
  2 death yaks (IceCv)
  2 hill giants (D:10)
  Pikel (D:8)
  A griffon (Lair:2)
  A manticore (D:11)
  An ice statue (IceCv)
  5 elephants (Lair:2)
  3 black mambas
  6 spiny frogs
  2 rime drakes
  7 komodo dragons
  2 trolls (D:9)
  14 polar bears (IceCv)
  A tengu conjurer (D:10)
  4 two-headed ogres
  19 blink frogs
  2 dream sheep (D:9)
  6 spriggans (Lair:1)
  33 yaks
  A wyvern (D:10)
  2 hippogriffs (Lair:1)
  Grum (D:8)
  A basilisk (Lair:3)
  9 water moccasins
  9 porcupines
  10 ice beasts
  Duvessa (D:6)
  A sky beast (D:9)
  5 orc warriors
  3 phantoms
  A necrophage (D:3)
  11 ogres
  19 wolves
  6 crocodiles
  3 centaurs
  6 big kobolds
  The ghost of walesgrey the Conjurer, an amateur DECj (D:3)
  9 giant frogs
  Dowan (D:6)
  A water moccasin zombie (D:9)
  3 scorpions
  6 killer bees (D:10)
  4 crimson imps
  A quasit (D:5)
  2 centaur zombies
  6 hounds
  8 orc priests
  2 jellies
  A giant frog skeleton (D:6)
  11 orc wizards
  4 iguanas
  8 worker ants
  A killer bee zombie (D:7)
  5 adders
  9 gnolls
  A howler monkey skeleton (D:10)
  10 river rats (Lair:3)
  2 shadow imps
  An adder skeleton (D:5)
  4 worms
  4 dart slugs
  A giant gecko (D:1)
  47 orcs
  4 giant cockroaches
  11 goblins
  14 hobgoblins
  16 jackals
  6 quokkas
  5 bats
  2 giant gecko skeletons
  5 giant newts
  A jackal skeleton (D:4)
  20 kobolds
  4 rats
449 creatures vanquished.

Vanquished Creatures (collateral kills)
  An elephant (Lair:2)
  Joseph (D:11)
  A polar bear (IceCv)
  An orc warrior (D:7)
  A hound skeleton (D:7)
5 creatures vanquished.

Vanquished Creatures (others)
  3 slaves (D:8)
  2 orc wizards (D:8)
  A hound zombie (D:8)
  11 plants
17 creatures vanquished.

Grand Total: 471 creatures vanquished

Notes
Turn   | Place    | Note
-------+----------+-------------------------------------------
     0 | D:1      | LORDOFBUTT the Minotaur Berserker began the quest for the Orb.
     0 | D:1      | Reached XP level 1. HP: 19/19 MP: 0/0
   163 | D:1      | Reached XP level 2. HP: 23/27 MP: 1/1
   790 | D:2      | Reached XP level 3. HP: 26/33 MP: 2/2
   907 | D:2      | Found a blossoming altar of Fedhas.
   997 | D:2      | Reached ** piety under Trog
  1297 | D:2      | Found a bloodstained altar of Trog.
  1354 | D:2      | Found a white marble altar of Elyvilon.
  1360 | D:2      | Found a shimmering altar of Xom.
  1441 | D:3      | Reached XP level 4. HP: 31/41 MP: 3/3
  1485 | D:3      | Reached skill level 3 in Dodging
  1601 | D:3      | Noticed walesgrey's ghost (amateur DECj)
  1613 | D:3      | Killed walesgrey's ghost
  1613 | D:3      | Reached skill level 5 in Fighting
  1613 | D:3      | Reached skill level 4 in Dodging
  1613 | D:3      | Reached skill level 1 in Stealth
  1613 | D:3      | Reached XP level 5. HP: 25/48 MP: 4/4
  1713 | D:3      | Noticed a necrophage
  1723 | D:3      | Killed a necrophage
  1723 | D:3      | Reached XP level 6. HP: 26/55 MP: 5/5
  1949 | D:3      | Reached skill level 5 in Maces & Flails
  2039 | D:3      | Reached skill level 5 in Dodging
  2231 | D:4      | Found a staircase to the Ecumenical Temple.
  2320 | D:4      | Reached XP level 7. HP: 28/61 MP: 6/6
  2504 | D:4      | Reached *** piety under Trog
  2580 | D:4      | Reached skill level 6 in Dodging
  2829 | D:5      | Entered Level 5 of the Dungeon
  2969 | D:5      | Found a shattered altar of Ashenzari.
  3007 | D:5      | Found a radiant altar of Vehumet.
  3196 | D:5      | Reached skill level 7 in Dodging
  3381 | D:5      | Reached XP level 8. HP: 57/71 MP: 7/7
  3539 | D:6      | Found a snail-covered altar of Cheibriados.
  3633 | D:6      | Noticed Duvessa
  3633 | D:6      | Noticed Dowan
  3643 | D:6      | Killed Duvessa
  3644 | D:6      | Killed Dowan
  3987 | D:6      | Found Keimeiq's Antique Weapon Boutique.
  4009 | D:6      | Found Wyofi's Antique Armour Boutique.
  4034 | D:6      | Bought an embroidered cloak for 121 gold pieces
  4034 | D:6      | Bought a pair of glowing boots for 121 gold pieces
  4050 | D:6      | Found Cauxace's Armour Boutique.
  4056 | D:6      | Received a gift from Trog
  4056 | D:6      | Reached skill level 8 in Dodging
  4451 | D:7      | Noticed a hill giant
  4765 | D:7      | Found a hazy altar of Hepliaklqana.
  4844 | D:7      | Reached **** piety under Trog
  5341 | D:7      | Found a deep blue altar of Sif Muna.
  5432 | D:7      | Reached XP level 9. HP: 9/81 MP: 8/8
  5966 | D:8      | Reached skill level 9 in Dodging
  6024 | D:8      | Noticed Grum
  6041 | D:8      | Killed Grum
  6173 | D:8      | Found Zin's Purification Station.
  6174 | D:8      | Found a glowing silver altar of Zin.
  6231 | D:8      | Noticed Pikel
  6238 | D:8      | Killed Pikel
  6238 | D:8      | Reached skill level 10 in Dodging
  6271 | D:8      | Noticed Joseph
  7148 | D:9      | Reached XP level 10. HP: 90/90 MP: 9/9
  7434 | D:9      | Reached skill level 11 in Dodging
  7605 | D:9      | Found a staircase to the Lair.
  7669 | D:9      | Reached skill level 10 in Maces & Flails
  7673 | D:9      | Reached skill level 10 in Fighting
  7912 | D:9      | Noticed a three-headed hydra
  7922 | D:9      | Killed a three-headed hydra
  7922 | D:9      | Reached skill level 5 in Stealth
  8050 | D:9      | Reached skill level 12 in Dodging
  8090 | D:9      | Reached XP level 11. HP: 52/100 MP: 10/10
  8302 | D:10     | Entered Level 10 of the Dungeon
  8314 | D:10     | Reached ***** piety under Trog
  8342 | D:10     | Noticed a hill giant
  8342 | D:10     | Noticed a hill giant
  8351 | D:10     | Killed a hill giant
  8356 | D:10     | Killed a hill giant
  8735 | D:10     | Received a gift from Trog
  9033 | D:10     | Got a crude war axe {drain}
  9034 | D:10     | Identified the cursed +0 war axe of Makhleb's Benevolence {drain, rF++ rC+} (You took it off a crimson imp on level 10 of the Dungeon)
  9311 | D:11     | Noticed Fannar
  9328 | D:11     | Killed Fannar
  9328 | D:11     | Reached skill level 13 in Dodging
  9333 | D:11     | Killed Joseph
  9699 | Lair:1   | Entered Level 1 of the Lair of Beasts
  9746 | Lair:1   | Noticed Gastronok
  9758 | Lair:1   | Killed Gastronok
  9786 | Lair:1   | Reached XP level 12. HP: 45/110 MP: 11/11
 10063 | Lair:1   | Reached skill level 14 in Dodging
 11467 | Lair:1   | Noticed a six-headed hydra
 11478 | Lair:1   | Killed a six-headed hydra
 11850 | Lair:2   | Noticed a seven-headed hydra
 11858 | Lair:2   | Killed a seven-headed hydra
 11858 | Lair:2   | Reached skill level 15 in Dodging
 11907 | Lair:2   | Noticed a seven-headed hydra
 11919 | Lair:2   | Killed a seven-headed hydra
 12704 | Lair:3   | Got a steaming scale mail
 12715 | Lair:3   | Identified the +1 scale mail of Lugonu's Benevolence {rPois MR+} (You found it on level 3 of the Lair of Beasts)
 12849 | Lair:1   | Got a fine chain mail
 12860 | Lair:1   | Identified the +2 chain mail "Ruyniuso" {Slay+2 Stlth+} (You found it on level 1 of the Lair of Beasts)
 12989 | Lair:3   | Found a staircase to the Swamp.
 13006 | Lair:3   | Reached XP level 13. HP: 118/118 MP: 12/12
 13028 | Lair:3   | Found a hole to the Spider Nest.
 13725 | Lair:4   | Found a frozen archway.
 13762 | IceCv    | Entered an ice cave
 13853 | IceCv    | Reached ****** piety under Trog
 13933 | IceCv    | Received a gift from Trog
 13939 | IceCv    | Reached skill level 16 in Dodging
 13975 | IceCv    | Reached skill level 5 in Armour
 14423 | IceCv    | Noticed a frost giant
 14431 | IceCv    | Killed a frost giant
 14484 | IceCv    | Slain by a death yak

Vault maps used:
D:1:      dpeg_arrival_boxes_within_box, roderic_bali_sauvastika
D:2:      lightli_temple_of_fire, amethyst_overflow_temple_binary,
          lemuel_round_altar
D:3:      hex_medium
D:4:      corexii_hall_statues_i
D:5:      cheibrodos_ashenzari_chains, first_bread, vehumet_altar_wand_db
D:6:      kennysheep_slug_shrine, serial_shops, shop, shop, shop_statue,
          uniq_duvessa
D:7:      nicolae_overflow_crystal_walls, basic_altar,
          kennysheep_generic_room_12
D:8:      zin_purify, uniq_grum, uniq_pikel, uniq_joseph
D:9:      david_lair_shrubbed, hangedman_ranch
D:10:     minivault_5
D:11:     uniq_fannar
Lair:1:   kb_forest_paths, serial_bayou_shore_a, uniq_gastronok
Lair:2:   lab_entry_generic, grunt_megastairs_3, serial_bayou_shore_b
Lair:3:   swamp_mist, dummy_spider_entry
Lair:4:   portal_ice_cave_entry_ice_beasts
IceCv:    ice_cave_caverns_01

Skill      XL: |  1  2  3  4  5  6  7  8  9 10 11 12 13 |
---------------+----------------------------------------+-----
Fighting       | 4 5 6 7 8 10 11 12 13 | 13.2
Maces & Flails | 4 5 6 7 8 10 11 13 14 | 14.6
Dodging        | 4 5 7 8 10 12 13 15 16 | 16.1
Stealth        | 1 3 4 5 6 |  6.8
Armour         | 5 |  5.9
Throwing       | |  0.6

Action                   |  1- 3 |  4- 6 |  7- 9 | 10-12 | 13-15 || total
-------------------------+-------+-------+-------+-------+-------++-------
Melee: Mace              |    95 |    86 |   241 |       |       ||   422
       Headbutt          |    13 |    19 |    60 |   178 |    89 ||   359
       Whip              |       |       |    54 |   625 |   221 ||   900
       Great mace        |       |       |       |       |   101 ||   101
Throw: Javelin           |       |       |       |     1 |       ||     1
Invok: Berserk           |       |     1 |    10 |    12 |     8 ||    31
       Brothers in Arms  |       |       |     1 |     2 |     1 ||     4
  Use: Scroll            |     4 |     2 |    15 |    10 |       ||    31
       Potion            |       |       |     1 |     5 |       ||     6
 Stab: Sleeping          |     1 |       |     6 |     7 |       ||    14
       Distracted        |       |       |     1 |     1 |       ||     2
  Eat: Beef jerky        |     2 |       |     2 |     1 |       ||     5
       Meat ration       |     1 |       |     3 |     3 |     2 ||     9
       Chunk             |       |       |     3 |     5 |       ||     8
       Pizza             |       |       |     1 |     6 |       ||     7
       Bread ration      |       |       |       |     1 |       ||     1
Armor: Animal skin       |    23 |     9 |    38 |    47 |       ||   117
       Scale mail        |       |       |       |     6 |       ||     6
       Chain mail        |       |       |       |     2 |   122 ||   124
Dodge: Dodged            |    53 |    53 |   221 |   409 |   251 ||   987
